 Dungeon Crawl Stone Soup version 0.22.1-1-ga44c0e5 (webtiles) character file.

67564 greentea the Severer (level 14, -4/133 HPs)
             Began as a Minotaur Berserker on Oct 14, 2018.
             Was an Elder of Trog.
             Shot with an arrow by something (18 damage)
             ... on level 13 of the Dungeon on Oct 15, 2018.
             The game lasted 01:42:37 (19450 turns).

greentea the Severer (Minotaur Berserker)          Turns: 19450, Time: 01:42:38

Health: -4/133     AC: 19    Str: 24    XL:     14   Next: 83%
Magic:  13/13      EV: 10    Int:  4    God:    Trog [****..]
Gold:   1639       SH: 17    Dex: 13    Spells: 13/13 levels left

rFire    + . .     SeeInvis .   F - +4 hand axe (flame)
rCold    . . .     Gourm    .   b - +1 large shield
rNeg     . . .     Faith    .   v - +0 plate armour
rPois    +         Spirit   .   (helmet restricted)
rElec    .         Reflect  .   h - +0 cloak
rCorr    .         Harm     .   r - +0 pair of gloves
MR       +++..                  (no boots)
Stlth    ..........             x - amulet of regeneration
HPRegen  1.72/turn              G - ring of poison resistance
MPRegen  0.13/turn              V - ring of protection from fire

@: berserk cooldown, starving, regenerating, slowed, very slow
A: retaliatory headbutt, horns 2
a: Berserk, Trog's Hand, Brothers in Arms, Renounce Religion


You were on level 13 of the Dungeon.
You worshipped Trog.
Trog was greatly pleased with you.
You were starving.

You visited 2 branches of the dungeon, and saw 19 of its levels.
You also visited: Ice Cave.

You collected 1639 gold pieces.

Inventory:

Hand Weapons
 F - a +4 hand axe of flaming (weapon)
 N - a +5 battleaxe
 Y - a +3 antimagic executioner's axe
Missiles
 d - 330 stones (quivered)
 y - 5 throwing nets
Armour
 b - a +1 large shield (worn)
 h - a +0 cloak (worn)
 r - a +0 pair of gloves (worn)
 v - a +0 plate armour (worn)
Jewellery
 t - an uncursed ring of protection from magic
 x - an amulet of regeneration (around neck)
 z - an uncursed ring of see invisible
 G - a ring of poison resistance (left hand)
 L - an uncursed ring of protection from cold
 P - a +6 ring of intelligence {unknown}
 R - an uncursed ring of protection from magic
 V - a ring of protection from fire (right hand)
Wands
 E - a wand of disintegration (10)
 M - a wand of polymorph (14)
 U - a wand of flame (26)
 W - a wand of acid (9)
Scrolls
 e - a scroll of fog {unknown}
 g - 3 scrolls of remove curse
 i - a scroll of fear
 j - 2 scrolls of enchant armour
 n - 2 scrolls of blinking {unknown}
 o - 3 scrolls of enchant weapon
 s - a scroll of magic mapping {unknown}
 w - 4 scrolls of teleportation
 Q - a scroll of acquirement {unknown}
 T - a scroll of vulnerability {unknown}
Potions
 f - 8 potions of curing
 k - 2 potions of resistance
 m - 3 potions of agility
 p - a potion of flight
 q - 7 potions of might
 u - 4 potions of heal wounds
 A - 3 potions of invisibility
 B - a potion of cancellation
 I - 2 potions of haste
Miscellaneous
 X - a fan of gales
 Z - a lightning rod (4/4)
Comestibles
 c - 33 rations


   Skills:
 + Level 14.6 Fighting
 * Level 16.8 Axes
 + Level 14.4 Armour
 + Level 13.4 Dodging
 + Level 7.4 Shields


You had 13 spell levels left.
You didn't know any spells.
Your spell library was empty.

Dungeon Overview and Level Annotations

Branches:
Dungeon (13/15)            Temple (0/1) D:5            Lair (6/6) D:9
 Shoals (0/4) Lair:2       Spider (0/4) Lair:2        Slime (0/5) Lair:5
    Orc (0/2) D:12
 Vaults: D:13-14

Altars:
Cheibriados
Elyvilon
Fedhas
Nemelex Xobeh
Qazlal
Trog
Xom
Zin
The Shining One
Jiyva

Shops:
D:12 }

Annotations:
D:10 exclusion: oklob plant
Lair:5 exclusion: oklob plant


Innate Abilities, Weirdness & Mutations

You reflexively headbutt those who attack you in melee.
You have a pair of horns on your head.


Message History

You hear a twanging sound.
An arrow appears from out of thin air!
The arrow hits you.
You block the troll's attack. x2; The troll claws you but does no damage.
You hear a twanging sound.
An arrow appears from out of thin air!
The arrow hits you!
The two-headed ogre hits you with a giant spiked club!
You block the two-headed ogre's attack.
You hear a twanging sound.
An arrow appears from out of thin air!
You block the arrow.
You hear a shout!
You see here an arrow.
You hear a shout! x2; You hear a twanging sound.
An arrow appears from out of thin air!
The arrow hits you!
* * * LOW HITPOINT WARNING * * *
The two-headed ogre hits you with a giant spiked club!
* * * LOW HITPOINT WARNING * * *
You block the two-headed ogre's attack.
You hear a twanging sound.
An arrow appears from out of thin air!
The arrow hits you!!
You die...

#.###.###.#.##.##.#
#. #.#...#.##.##.# .
#.#.#......##.# PP
#.#.....#####.#
#.............#
...#########.########
##. ................
. ########.#######
#$...oT@.....#
###C##O###..#.#
....Z## ##... ###.###
..# %... #$ #[#.# #
#.# #.#


You could see a two-headed ogre, a cyclops, a troll, an orc warrior and a
centaur warrior zombie.

Vanquished Creatures
  Kirke (Lair:5)
  Josephine (D:11)
  Harold (Lair:1)
  9 hydras
  5 two-headed ogres
  Urug (D:11)
  4 death yaks (Lair:6)
  A skeletal warrior (D:13)
  A swamp dragon (Lair:6)
  3 ugly things
  A cyclops (D:12)
  17 elephants
  A torpor snail (Lair:4)
  4 black mambas
  12 spiny frogs
  An ice statue (IceCv)
  A gargoyle (D:11)
  A freezing wraith (D:13)
  2 rime drakes
  13 komodo dragons
  4 kobold demonologists (D:11)
  2 trolls
  3 polar bears
  5 slime creatures (D:12)
  7 dream sheep
  8 hippogriffs
  Grinder (D:3)
  26 blink frogs
  3 wraiths (D:11)
  A vampire (D:10)
  40 yaks
  5 basilisks
  A wyvern (Lair:2)
  4 hogs (Lair:5)
  Grum (D:11)
  3 steam dragons (Lair:6)
  2 hungry ghosts
  2 vampire mosquitoes (D:12)
  An acid dragon (Lair:6)
  12 water moccasins
  Duvessa (D:7)
  13 porcupines
  2 black bears
  2 swamp drakes (Lair:6)
  A sky beast (D:6)
  2 necrophages
  4 orc warriors
  14 ice beasts (IceCv)
  4 ogres
  A phantom (D:6)
  11 centaurs
  An eye of draining (D:12)
  17 wolves
  7 crocodiles
  3 big kobolds (D:10)
  15 bullfrogs
  2 gnoll sergeants
  Dowan (D:7)
  A scorpion (D:12)
  7 wights
  5 killer bees (D:12)
  An electric eel (Lair:2)
  10 howler monkeys
  5 crimson imps
  6 jellies (D:10)
  5 hounds
  5 orc priests
  A quasit (D:11)
  Crazy Yiuf (D:7)
  3 bullfrog skeletons
  A bullfrog zombie (D:5)
  14 orc wizards
  Natasha (twice) (D:2)
  2 iguanas
  9 worker ants
  A hound zombie (D:6)
  A hound skeleton (D:4)
  A worker ant zombie (D:11)
  A howler monkey zombie (D:10)
  9 gnolls
  A howler monkey skeleton (D:9)
  5 adders
  3 shadow imps
  13 oozes
  2 worms (D:3)
  2 dart slugs
  7 leopard geckos
  52 orcs
  2 ball pythons
  5 bats
  3 giant cockroaches
  7 goblins
  A hobgoblin (D:2)
  10 jackals
  11 kobolds
  A quokka (D:6)
  4 frilled lizards
  3 goblin zombies (D:4)
  3 hobgoblin zombies (D:4)
  A jackal zombie (D:5)
  3 kobold zombies (D:4)
  A leopard gecko skeleton (D:5)
  8 rats
  2 fungi
  7 plants
560 creatures vanquished.

Vanquished Creatures (collateral kills)
  Snorg (D:11)
  A fire dragon (Lair:6)
  2 ice dragons (IceCv)
  An elephant (Lair:6)
  A spiny frog (Lair:6)
  A crocodile (Lair:6)
  An orc wizard (D:11)
  An orc (D:11)
9 creatures vanquished.

Vanquished Creatures (others)
  A kobold (D:11)
  31 fungi
  27 plants
59 creatures vanquished.

Grand Total: 628 creatures vanquished

Notes
Turn   | Place    | Note
-------+----------+-------------------------------------------
     0 | D:1      | greentea the Minotaur Berserker began the quest for the
                  | Orb.
     0 | D:1      | Reached XP level 1. HP: 19/19 MP: 0/0
   319 | D:1      | Reached XP level 2. HP: 26/27 MP: 1/1
   643 | D:1      | Reached skill level 4 in Axes
  1153 | D:2      | Found a sparkling altar of Nemelex Xobeh.
  1162 | D:2      | Reached XP level 3. HP: 33/33 MP: 2/2
  1234 | D:2      | Noticed Natasha
  1243 | D:2      | Killed Natasha
  1382 | D:2      | Reached ** piety under Trog
  1490 | D:2      | Noticed Natasha
  1495 | D:2      | Killed Natasha
  1495 | D:2      | Reached XP level 4. HP: 35/41 MP: 3/3
  2408 | D:3      | Noticed Grinder
  2427 | D:3      | Reached XP level 5. HP: 35/47 MP: 4/4
  2442 | D:3      | Paralysed by Grinder for 5 turns
  2458 | D:3      | Paralysed by Grinder for 2 turns
  2467 | D:3      | Killed Grinder
  2467 | D:3      | Reached skill level 5 in Fighting
  2467 | D:3      | Reached skill level 5 in Axes
  2467 | D:3      | Reached XP level 6. HP: 20/56 MP: 5/5
  2826 | D:3      | Found a stormy altar of Qazlal.
  2831 | D:3      | Found a blossoming altar of Fedhas.
  2909 | D:3      | Found a snail-covered altar of Cheibriados.
  3151 | D:4      | Found a glowing golden altar of the Shining One.
  3580 | D:4      | Reached skill level 5 in Armour
  3580 | D:4      | Reached XP level 7. HP: 62/62 MP: 6/6
  3720 | D:4      | Reached skill level 6 in Axes
  3723 | D:4      | Reached skill level 5 in Dodging
  3843 | D:5      | Entered Level 5 of the Dungeon
  3892 | D:5      | Found a staircase to the Ecumenical Temple.
  3904 | D:5      | Reached *** piety under Trog
  4148 | D:5      | Reached XP level 8. HP: 63/71 MP: 7/7
  4694 | D:6      | Reached skill level 7 in Axes
  5881 | D:7      | Reached XP level 9. HP: 49/81 MP: 8/8
  5959 | D:7      | Reached skill level 8 in Axes
  6204 | D:7      | Found a runed door.
  6208 | D:7      | Noticed Crazy Yiuf
  6214 | D:7      | Killed Crazy Yiuf
  6351 | D:7      | Noticed Dowan
  6363 | D:7      | Killed Dowan
  6364 | D:7      | Noticed Duvessa
  6372 | D:7      | Killed Duvessa
  6622 | D:8      | Found a shimmering altar of Xom.
  6742 | D:8      | Reached **** piety under Trog
  7117 | D:9      | Reached skill level 9 in Axes
  7169 | D:9      | Found a staircase to the Lair.
  7169 | D:9      | Noticed an elephant
  7196 | D:9      | Killed an elephant
  7248 | D:9      | Reached XP level 10. HP: 88/91 MP: 9/9
  7510 | D:9      | Found a sparkling altar of Nemelex Xobeh.
  7510 | D:9      | Found a white marble altar of Elyvilon.
  7544 | D:9      | Found a bloodstained altar of Trog.
  7547 | D:9      | Found a glowing silver altar of Zin.
  7708 | D:9      | Identified the Papyrus of Transformation and Enchantment
  7723 | D:10     | Entered Level 10 of the Dungeon
  7905 | D:10     | Noticed an oklob plant
  7961 | D:10     | Reached ***** piety under Trog
  8040 | D:10     | Noticed a two-headed ogre
  8050 | D:10     | Killed a two-headed ogre
  8050 | D:10     | Reached skill level 10 in Fighting
  8050 | D:10     | Reached skill level 10 in Axes
  8114 | D:10     | Reached skill level 10 in Armour
  8158 | D:10     | Noticed a three-headed hydra
  8163 | D:10     | Killed a one-headed hydra
  8165 | D:10     | Received a gift from Trog
  8205 | D:10     | Noticed a two-headed ogre
  8218 | D:10     | Killed a two-headed ogre
  8218 | D:10     | Reached XP level 11. HP: 77/101 MP: 10/10
  8829 | D:11     | Noticed a two-headed ogre
  8834 | D:11     | Killed a two-headed ogre
  8903 | D:11     | Noticed Snorg
  8907 | D:11     | Killed Snorg
  8907 | D:11     | Reached skill level 11 in Axes
  9040 | D:11     | Reached skill level 10 in Dodging
  9047 | D:11     | Noticed Josephine
  9064 | D:11     | Killed Josephine
  9112 | D:11     | Found a stormy altar of Qazlal.
  9154 | D:11     | Noticed Urug
  9172 | D:11     | Killed Urug
  9303 | D:11     | Noticed a four-headed hydra
  9308 | D:11     | Killed a one-headed hydra
  9419 | D:11     | Noticed a soul eater
  9436 | D:11     | Noticed a sun demon
  9569 | D:11     | Noticed a brown ugly thing
  9582 | D:11     | Killed a brown ugly thing
  9698 | D:11     | Noticed Grum
  9706 | D:11     | Killed Grum
  9933 | D:11     | Noticed a two-headed ogre
  9943 | D:11     | Killed a two-headed ogre
 10068 | D:11     | Reached skill level 12 in Axes
 10298 | D:12     | Noticed a cyan ugly thing
 10307 | D:12     | Killed a cyan ugly thing
 10307 | D:12     | Reached XP level 12. HP: 95/112 MP: 11/11
 10396 | D:12     | Received a gift from Trog
 10417 | D:12     | Noticed a two-headed ogre
 10425 | D:12     | Killed a two-headed ogre
 11032 | D:12     | Found Suuroed's Gadget Shop.
 11284 | D:12     | Found a staircase to the Orcish Mines.
 11466 | D:12     | Reached skill level 13 in Axes
 11694 | Lair:1   | Entered Level 1 of the Lair of Beasts
 11712 | Lair:1   | Noticed Harold
 11720 | Lair:1   | Killed Harold
 12491 | Lair:1   | Reached skill level 14 in Axes
 13047 | Lair:2   | Found a hole to the Spider Nest.
 13092 | Lair:2   | Reached XP level 13. HP: 108/122 MP: 12/12
 13127 | Lair:2   | Reached skill level 1 in Shields
 13504 | Lair:2   | Found a staircase to the Shoals.
 15646 | Lair:4   | Reached skill level 15 in Axes
 16053 | Lair:5   | Noticed Kirke
 16062 | Lair:5   | Received a gift from Trog
 16068 | Lair:5   | Killed Kirke
 16163 | Lair:5   | Reached skill level 5 in Shields
 16264 | Lair:5   | Found a viscous altar of Jiyva.
 16265 | Lair:5   | Found a staircase to the Slime Pits.
 16968 | Lair:6   | Entered Level 6 of the Lair of Beasts
 16977 | Lair:6   | Reached XP level 14. HP: 111/132 MP: 13/13
 17070 | Lair:6   | Received a gift from Trog
 17253 | Lair:6   | Reached skill level 16 in Axes
 17384 | Lair:6   | Found a frozen archway.
 17625 | IceCv    | Entered an ice cave
 19450 | D:13     | Shot with an arrow by something

Skill      XL: |  1  2  3  4  5  6  7  8  9 10 11 12 13 14 |
---------------+-------------------------------------------+-----
Fighting       | 4 5 6 8 9 10 12 13 14 | 14.6
Axes           | 4 5 6 7 9 10 12 14 15 16 | 16.8
Armour         | 3 4 5 6 7 9 10 11 12 13 14 | 14.4
Dodging        | 3 4 5 6 8 9 10 11 12 13 | 13.4
Shields        | 5 7 |  7.4

Action                   |  1- 3 |  4- 6 |  7- 9 | 10-12 | 13-15 || total
-------------------------+-------+-------+-------+-------+-------++-------
Melee: Hand axe          |    59 |    95 |       |   136 |   777 ||  1067
       Headbutt          |     8 |    25 |    71 |   134 |   229 ||   467
       War axe           |       |    77 |   207 |       |       ||   284
       Battleaxe         |       |       |   110 |   395 |       ||   505
Throw: Stone             |       |       |     4 |     6 |       ||    10
       Tomahawk          |       |       |       |    10 |     2 ||    12
Invok: Berserk           |     1 |     2 |       |     5 |     4 ||    12
       Trog's Hand       |     1 |     2 |     8 |    16 |    11 ||    38
       Brothers in Arms  |       |       |       |     1 |     3 ||     4
  Use: Scroll            |       |     3 |     4 |     7 |    13 ||    27
       Potion            |       |     2 |       |       |     4 ||     6
  Eat: Chunk             |     2 |     2 |     6 |    18 |    20 ||    48
       Ration            |       |     3 |     2 |     4 |     2 ||    11
Armor: Animal skin       |     3 |       |       |       |       ||     3
       Ring mail         |     1 |       |       |       |       ||     1
       Chain mail        |    20 |    54 |       |       |       ||    74
       Plate armour      |       |    44 |   215 |   265 |   324 ||   848
Dodge: Dodged            |    26 |    67 |   171 |   251 |   248 ||   763
Block: Large shield      |       |       |       |    13 |   608 ||   621
